 Dungeon Crawl Stone Soup version 0.24.0-35-gdb84b6a5db (webtiles) character file.

Game seed: 6875118706312524997, levelgen mode: deterministic

397862 Gumption the Tortoise (level 22, -5/213 HPs)
             Began as a Deep Dwarf Fighter on Nov 18, 2019.
             Was the Champion of Hepliaklqana.
             Slain by an acid blob (30 damage)
             ... on level 5 of the Pits of Slime on Nov 20, 2019.
             The game lasted 07:46:32 (45179 turns).

Gumption the Tortoise (Deep Dwarf Fighter)         Turns: 45179, Time: 07:46:33

Health: -5/213     AC: 16    Str: 24    XL:     22   Next: 22%
Magic:  3/3        EV: 11    Int: 10    God:    Hepliaklqana [******]
Gold:   2817       SH: 18    Dex: 15    Spells: 51/51 levels left

rFire    + + .     SeeInvis .   b - +4 broad axe (chaos)
rCold    + . .     Gourm    .   v - +1 shield {AC+3}
rNeg     + + .     Faith    .   j - +0 gold dragon scales
rPois    +         Spirit   .   t - +0 helmet "Zyleaf" {+Fly}
rElec    +         Reflect  +   C - +0 cloak
rCorr    +         Harm     .   U - +0 pair of gloves
MR       ++++.                  L - +0 pair of boots of Qeihefysm {rElec rPois Str-2 Int-4}
Stlth    ..........             q - +3 amulet of reflection
HPRegen  0.00/turn              T - ring of resist corrosion
MPRegen  0.08/turn              X - ring "Niuqaj" {rElec rF+ rN+ Int+4}

@: corroded, non-regenerating, studying Hexes
A: damage resistance, heal wounds, reduced essence, blurry vision 1, magic
resistance 1, negative energy resistance 1, sense surroundings 3, robust 1,
subdued magic 1, no regeneration
}: 2/15 runes: decaying, gossamer
a: Heal Wounds, Recall Ancestor, Ancestor Identity, Transference, Idealise,
Renounce Religion, Evoke Flight


You were on level 5 of the Pits of Slime.
You worshipped Hepliaklqana.
Hepliaklqana was exalted by your worship.
You were not hungry.

You visited 10 branches of the dungeon, and saw 45 of its levels.
You also visited: Trove, Ossuary, Gauntlet, Ice Cave and Volcano.

You collected 5337 gold pieces.
You spent 2520 gold pieces at shops.

Inventory:

Hand Weapons
 a - the +6 broad axe "Xitugiyr" {venom, rF+ Str+5 Dex+2}
   (You bought it in a shop on level 3 of the Elven Halls)

   It poisons the flesh of those it strikes.
   It affects your strength (+5).
   It affects your dexterity (+2).
   It protects you from fire.
 b - a +4 broad axe of chaos (weapon)
Missiles
 N - 2 throwing nets
 W - 21 javelins (quivered)
Armour
 j - +0 gold dragon scales (worn)
 t - the +0 helmet "Zyleaf" (worn) {+Fly}
   (You found it in a Gauntlet)

   It lets you fly.
 v - a +1 shield of protection (worn)
 A - the +7 Kryia's mail coat {PotionHeal*2 rC+}
   (You found it on level 4 of the Dungeon)

   It protects you from cold.
 C - a +0 cloak (worn)
 E - a +0 crystal plate armour
 L - the +0 pair of boots of Qeihefysm (worn) {rElec rPois Str-2 Int-4}
   (You found it on level 6 of the Dungeon)

   It affects your strength (-2).
   It affects your intelligence (-4).
   It insulates you from electricity.
   It protects you from poison.
 U - a +0 pair of gloves (worn)
Jewellery
 h - a +4 ring of slaying
 k - a +6 ring of protection
 q - a +3 amulet of reflection (around neck)
 s - an uncursed ring of see invisible
 H - an uncursed ring of ice
 T - a ring of resist corrosion (left hand)
 X - the ring "Niuqaj" (right hand) {rElec rF+ rN+ Int+4}
   (You took it off a deep elf death mage on level 3 of the Elven Halls)

   [ring of positive energy]

   It affects your intelligence (+4).
   It protects you from fire.
   It insulates you from electricity.
   It protects you from negative energy.
 Y - the ring "Osoniph" {rF+ rN+ Dex+4}
   (You found it on level 6 of the Lair of Beasts)

   [ring of dexterity]

   It affects your dexterity (+4).
   It protects you from fire.
   It protects you from negative energy.
Wands
 z - a wand of iceblast (51)
 F - a wand of enslavement (41)
 I - a wand of digging (2)
 J - a wand of paralysis (39)
 K - a wand of acid (20)
 Z - a wand of clouds (13)
Scrolls
 f - a scroll of silence
 l - 5 scrolls of identify
 m - a scroll of summoning
 r - 5 scrolls of immolation
 u - a scroll of enchant armour
 w - 20 scrolls of remove curse
 y - 13 scrolls of teleportation
 B - 4 scrolls of fear
 G - a scroll of vulnerability
 M - 2 scrolls of blinking
 O - 8 scrolls of fog
Potions
 c - 4 potions of flight
 d - 3 potions of might
 n - 8 potions of cancellation
 o - 6 potions of invisibility
 p - 4 potions of haste
 x - 6 potions of berserk rage
 D - 5 potions of resistance
 Q - 2 potions of agility
 R - 3 potions of brilliance
 S - 4 potions of mutation
Books
 g - a manual of Hexes
Miscellaneous
 i - 2 phantom mirrors
 V - 2 sacks of spiders
Comestibles
 e - 62 rations


   Skills:
 + Level 16.1 Fighting
 - Level 18.0 Axes
 + Level 18.6 Armour
 - Level 10.0 Dodging
 - Level 15.0 Shields
 * Level 15.3 Spellcasting
 + Level 14.7 Invocations
 - Level 12.0 Evocations


You had 51 spell levels left.
You didn't know any spells.
Your spell library contained the following spells:

 Spells                   Type           Power        Failure   Level  Hunger
 Beastly Appendage        Tmut           #.....       80%         1    None
 Corona                   Hex            #......      80%         1    None
 Freeze                   Ice            #...         80%         1    None
 Infusion                 Chrm           #...         80%         1    None
 Sandblast                Erth           #.....       80%         1    None
 Sting                    Conj/Pois      #...         80%         1    None
 Summon Small Mammal      Summ           #...         80%         1    None
 Blink                    Tloc           N/A          91%         2    None
 Corpse Rot               Necr           N/A          91%         2    None
 Passwall                 Tmut/Erth      #.......     91%         2    None
 Poisonous Vapours        Pois/Air       #.....       91%         2    None
 Shroud of Golubria       Chrm/Tloc      #.....       91%         2    None
 Slow                     Hex            #.......     91%         2    None
 Song of Slaying          Chrm           #.......     91%         2    None
 Sticks to Snakes         Tmut           #.......     91%         2    None
 Throw Frost              Conj/Ice       #.....       91%         2    None
 Gell's Gravitas          Tloc           #.........   99%         3    None
 Ignite Poison            Fire/Tmut/Pois #.......     99%         3    None
 Inner Flame              Hex/Fire       #.......     99%         3    None
 Lesser Beckoning         Tloc           #.........   99%         3    None
 Mephitic Cloud           Conj/Pois/Air  #.......     99%         3    None
 Ozocubu's Armour         Chrm/Ice       #.......     99%         3    None
 Portal Projectile        Hex/Tloc       #.....       99%         3    None
 Spectral Weapon          Hex/Chrm       #.......     99%         3    None
 Spider Form              Tmut/Pois      #.........   99%         3    None
 Stone Arrow              Conj/Erth      #.....       99%         3    None
 Summon Guardian Golem    Hex/Summ       #.......     99%         3    None
 Teleport Other           Tloc           #.......     99%         3    None
 Cause Fear               Hex            #.........   100%        4    ###....
 Ice Form                 Ice/Tmut       #.......     100%        4    ###....
 Leda's Liquefaction      Hex/Erth       #.........   100%        4    ###....
 Olgreb's Toxic Radiance  Pois           #.......     100%        4    ###....
 Passage of Golubria      Tloc           N/A          100%        4    ###....
 Petrify                  Tmut/Erth      #.......     100%        4    ###....
 Summon Ice Beast         Ice/Summ       #.......     100%        4    ###....
 Throw Icicle             Conj/Ice       #.......     100%        4    ###....
 Blade Hands              Tmut           #.........   100%        5    #####..
 Borgnjor's Vile Clutch   Necr/Erth      #.........   100%        5    #####..
 Fireball                 Conj/Fire      #.........   100%        5    #####..
 Lee's Rapid Deconstruct  Erth           #.........   100%        5    #####..
 Summon Forest            Summ/Tloc      #.........   100%        5    #####..
 Venom Bolt               Conj/Pois      #.........   100%        5    #####..
 Bolt of Fire             Conj/Fire      #.........   100%        6    ######.
 Death Channel            Necr           #.........   100%        6    ######.
 Hydra Form               Tmut           #.........   100%        6    ######.
 Shadow Creatures         Summ           N/A          100%        6    ######.
 Ring of Flames           Chrm/Fire      #.........   100%        7    #######
 Summon Hydra             Summ           #.........   100%        7    #######
 Ignition                 Fire           #.........   100%        8    #######
 Regeneration             Chrm/Necr      Unusable     N/A         3    N/A

Dungeon Overview and Level Annotations

Branches:
Dungeon (15/15)            Temple (1/1) D:6            Lair (6/6) D:11
  Swamp (4/4) Lair:3       Spider (4/4) Lair:3        Slime (5/5) Lair:6
    Orc (2/2) D:11            Elf (3/3) Orc:2        Vaults (4/5) D:14
  Crypt (0/3) Vaults:2     Depths (1/5) D:15        Ossuary (visited)
  IceCv (visited)         Volcano (visited)         Gauntlet (visited)

Altars:
Ashenzari
Cheibriados
Dithmenos
Elyvilon
Fedhas
Gozag
Hepliaklqana
Kikubaaqudgha
Makhleb
Nemelex Xobeh
Okawaru
Qazlal
Ru
Sif Muna
Trog
Uskayaw
Vehumet
Wu Jian
Xom
Yredelemnul
Zin
The Shining One
Beogh
Jiyva

Shops:
D:9 *   Orc:2 =*[(!   Elf:2 (!!(}   Elf:3 ((   Vaults:3 (

Annotations:
Lair:4 2 runed translucent doors, qpqp's ghost, journeyman FeEE


Innate Abilities, Weirdness & Mutations

You are resistant to damage.
You can heal yourself by infusing magical energy.
You resist negative energy. (rN+)
You passively map a large area around you.
You do not regenerate.
Your life essence is reduced to manifest your ancestor. (-10% HP)
Scrolls take you a little longer to read.
You are resistant to hostile enchantments. (MR+)
You are robust. (+10% HP)
Your spells are a little easier to cast, but a little less powerful.


Message History

Cynebald gestures wildly while chanting.
The acid blob resists with almost no effort. x2
You slash the acid blob!
You kill the acid blob!
The acid blob spits acid at you.
The splash of acid hits you but does no damage.
The acid corrodes you!
You are splashed with acid!
You resist.
* * * LOW HITPOINT WARNING * * *
You swap places.
The acid blob spits acid at you. The splash of acid hits you. You resist.
* * * LOW HITPOINT WARNING * * *
The acid corrodes you!
You are splashed with acid.
You resist.
* * * LOW HITPOINT WARNING * * *
Cynebald gestures wildly while chanting.
The acid blob resists with almost no effort.
The acid blob hits Cynebald!
Cynebald is splashed with acid.
The acid corrodes Cynebald!
You swap places.
The acid blob hits you!!
You die...

* , ,
.....................#.# *
.......................# ,
, .......................##
,,
.......................#.
......................... ,
,,.........................
, ,,
,.........................
,,
,.........................
, , ,,
.......R@................ ,
,
,........J................
..........^..............
,,
......................... ,
...####.#####............
..#*, #..* *#........... ,,
, ** ## #.......... , , *
......... , , * * ,
#........


You could see the friendly Cynebald the hexer and an acid blob.

Vanquished Creatures
  Mara (Swamp:3)
  Bai Suzhen (Swamp:4)
  Nikola (Vaults:1)
  Rupert (Lair:6)
  A lich (Vaults:4)
  A deep elf master archer (Elf:3)
  A deep elf blademaster (Elf:3)
  7 acid blobs
  Asterion (Elf:2)
  5 thorn hunters
  Donald (Swamp:1)
  An azure jelly (Slime:5)
  Louise (Elf:2)
  An orc warlord (Orc:2)
  A fire giant (Vaults:3)
  9 vault wardens
  3 emperor scorpions
  6 ghost moths
  6 deep elf sorcerers (Elf:3)
  A deep elf elementalist (Elf:3)
  Aizul (Spider:4)
  A frost giant (Vaults:3)
  11 ironheart preservers
  4 very ugly things
  2 entropy weavers (Spider:2)
  3 stone giants
  A minotaur (Gauntlet)
  7 deep elf demonologists
  Azrael (Elf:2)
  3 spark wasps (Spider:4)
  5 deep elf annihilators (Elf:3)
  A death ooze (Slime:3)
  2 ettins
  6 deep elf death magi
  5 yaktaur captains
  4 great orbs of eyes
  4 deep elf high priests
  A rakshasa (D:15)
  A ragged hierophant (Vaults:2)
  15 hydras
  4 vault guards
  2 catoblepae (Lair:6)
  7 centaur warriors
  3 shambling mangroves
  A merfolk avatar (Swamp:3)
  2 ghost crabs (Swamp:4)
  3 ice dragons
  9 ogre magi
  20 dancing weapons
  A queen ant (Spider:2)
  10 death yaks
  A death scarab (Gauntlet)
  2 death knights
  4 deep troll earth magi
  A deep troll shaman (Vaults:2)
  2 orc high priests (Orc:2)
  8 alligators
  Urug (D:10)
  27 two-headed ogres
  A shadow wraith (Vaults:4)
  15 deep elf knights
  2 skeletal warriors (Vaults:4)
  12 deep trolls
  A flayed ghost (Vaults:4)
  A glowing orange brain (Slime:4)
  An unseen horror (shapeshifter) (Slime:1)
  2 unseen horrors
  16 swamp dragons
  5 wizards
  11 deep elf archers
  3 spriggan druids
  A glowing orange brain (shapeshifter) (Vaults:3)
  5 harpies (Vaults:2)
  3 necromancers
  4 orc knights
  5 phantasmal warriors
  9 ironbrand convokers
  A harpy (shapeshifter) (Vaults:3)
  11 orb spiders
  4 oklob plants
  6 cyclopes
  4 shining eyes
  23 ugly things
  52 deep elf magi
  33 wolf spiders
  5 orc sorcerers
  2 salamanders (Volcano)
  5 manticores
  3 moths of wrath
  A salamander (shapeshifter) (Elf:3)
  12 vault sentinels
  An elephant (shapeshifter) (D:15)
  An ice statue (IceCv)
  11 elephants
  An eye of devastation (Slime:4)
  A titan simulacrum (Vaults:4)
  2 black mambas (Lair:6)
  3 torpor snails
  A torpor snail (shapeshifter) (Elf:2)
  A molten gargoyle (Vaults:2)
  A gargoyle (D:14)
  11 spiny frogs
  A kobold demonologist (D:13)
  8 demonic crawlers
  7 komodo dragons
  4 rime drakes
  13 freezing wraiths
  28 yaktaurs
  2 ice devils (Lair:6)
  34 jumping spiders
  6 trolls
  16 hornets
  A polar bear (Lair:4)
  13 bog bodies
  10 tyrant leeches
  76 slime creatures
  2 saltlings (Vaults:2)
  A blink frog (shapeshifter) (Elf:1)
  2 large abominations (Gauntlet)
  A harpy skeleton (D:15)
  A meliai zombie (D:11)
  A hornet (shapeshifter) (D:15)
  13 hippogriffs
  8 blink frogs
  A stone giant simulacrum (Vaults:1)
  33 tarantellas
  6 shadows
  2 air elementals
  75 redbacks
  2 fire bats (Volcano)
  33 yaks
  3 spriggans
  3 wraiths
  4 basilisks
  A basilisk (shapeshifter) (Vaults:3)
  2 water elementals
  Eustachio (D:6)
  12 golden eyes
  A golden eye (shapeshifter) (Vaults:4)
  A spectral komodo dragon (Gauntlet)
  4 wyverns
  4 fire elementals
  13 humans (D:14)
  A hungry ghost (D:13)
  A hog (shapeshifter) (D:13)
  16 vampire mosquitoes
  12 swamp worms
  5 soldier ants (Spider:2)
  21 insubstantial wisps
  6 small abominations
  An acid dragon (D:15)
  3 hell hounds (Elf:2)
  8 water moccasins
  7 porcupines
  29 orc warriors
  A sky beast (D:8)
  3 hexers
  11 ice beasts
  A necrophage (D:10)
  13 swamp drakes
  2 black bears
  6 eyes of draining
  12 centaurs
  5 wolves
  6 phantoms
  31 ogres
  7 crocodiles
  4 big kobolds
  17 bullfrogs
  A deep troll simulacrum (Vaults:4)
  An earth elemental (Elf:3)
  A wyvern skeleton (D:8)
  3 scorpions
  An elephant simulacrum (IceCv)
  5 killer bees (D:12)
  6 howler monkeys
  2 vampire bats (D:3)
  6 wights
  6 electric eels
  A bullfrog zombie (D:9)
  6 centaur zombies
  5 crimson imps
  2 quasits
  19 orc priests
  8 hounds
  2 jellies
  11 centaur skeletons
  4 draconian simulacra (IceCv)
  30 orc wizards
  3 bullfrog skeletons
  7 iguanas
  21 worker ants
  4 hell rats (Lair:6)
  A polar bear simulacrum (IceCv)
  6 troll simulacra (IceCv)
  A killer bee zombie (D:8)
  A spriggan simulacrum (IceCv)
  2 wolf simulacra (IceCv)
  A centaur simulacrum (IceCv)
  3 hound zombies
  2 hound skeletons
  8 mummies (Ossuary)
  Robin (D:4)
  4 ogre simulacra (IceCv)
  19 adders
  2 naga simulacra (IceCv)
  2 river rats (Lair:6)
  4 shadow imps
  12 white imps
  An ufetubus (Vaults:4)
  2 oozes
  An adder skeleton (D:6)
  A worm (D:6)
  4 leopard geckos
  96 orcs
  16 bats
  2 giant cockroaches
  4 gnoll zombies (Ossuary)
  11 goblins
  10 hobgoblins
  7 jackals
  16 kobolds
  2 quokkas (D:3)
  7 ball pythons
  3 frilled lizards
  4 hobgoblin zombies (Ossuary)
  A jackal skeleton (D:7)
  2 leopard gecko skeletons
  A quokka skeleton (D:6)
  11 rats
  6 briar patches
  2 bushes
  18 fungi
  13 plants (Lair:3)
1672 creatures vanquished.

Vanquished Creatures (collateral kills)
  Jorgrun (Spider:2)
  An acid blob (Slime:5)
  Frances (Spider:2)
  A thorn hunter (Swamp:4)
  A vault warden (Vaults:3)
  3 ironheart preservers
  An entropy weaver (Spider:3)
  A deep elf annihilator (Elf:3)
  An ettin (Vaults:3)
  A deep elf death mage (Elf:3)
  3 great orbs of eyes
  A yaktaur captain (Vaults:3)
  2 vault guards (Vaults:3)
  3 hydras
  A catoblepas (Lair:6)
  2 dancing weapons
  3 two-headed ogres
  A death knight (Vaults:1)
  A tengu warrior (D:13)
  2 alligators
  An orc high priest (Orc:2)
  3 death yaks
  5 deep elf knights
  A deep troll (Vaults:3)
  A wizard (Vaults:3)
  A spriggan druid (Swamp:2)
  2 swamp dragons
  2 ironbrand convokers (Vaults:3)
  6 deep elf archers
  A harpy (shapeshifter) (D:15)
  6 orb spiders
  2 wolf spiders (Spider:4)
  An oklob plant (Lair:3)
  6 ugly things
  9 deep elf magi
  3 elephants (Lair:5)
  A large abomination (Gauntlet)
  A cyclops (Vaults:2)
  A centaur zombie (D:15)
  A naga mage (D:15)
  An eye of devastation (Slime:5)
  A spiny frog (Swamp:1)
  A torpor snail (Spider:4)
  A spiny frog (shapeshifter) (Vaults:4)
  A centaur skeleton (D:15)
  5 yaktaurs
  A demonic crawler (Spider:1)
  2 freezing wraiths (IceCv)
  A komodo dragon (Lair:1)
  A tyrant leech (Swamp:1)
  4 jumping spiders
  4 blink frogs
  A tyrant leech (shapeshifter) (Vaults:3)
  A hornet (Swamp:3)
  A bog body (Swamp:3)
  15 slime creatures
  4 tarantellas
  4 redbacks
  3 spriggans
  A water elemental (Elf:2)
  A wyvern (D:10)
  A fire bat (Volcano)
  A human (D:14)
  4 yaks
  A hungry ghost (D:10)
  2 vampire mosquitoes (Swamp:3)
  4 insubstantial wisps
  A swamp worm (Swamp:2)
  2 water moccasins
  A hell hound (Volcano)
  A porcupine (Lair:2)
  4 swamp drakes
  9 orc warriors
  A sky beast (D:10)
  An ice beast (D:10)
  9 ogres
  A wolf (Lair:4)
  A centaur (Vaults:2)
  A crocodile (Lair:3)
  6 bullfrogs
  A wyvern skeleton (D:7)
  A scorpion (D:11)
  A killer bee (D:12)
  2 electric eels
  A crimson imp (D:11)
  A draconian simulacrum (IceCv)
  5 orc priests
  2 hounds
  8 orc wizards
  A hell rat (Lair:6)
  An ogre simulacrum (IceCv)
  An adder (D:8)
  A white imp (IceCv)
  A leopard gecko (D:7)
  16 orcs
  A goblin (D:9)
  A jackal (D:8)
  2 kobolds
  A quokka (D:9)
  A rat (Lair:6)
  2 fungi (Lair:3)
  3 plants (Lair:3)
244 creatures vanquished.

Vanquished Creatures (others)
  A deep elf blademaster (Elf:3)
  A deep elf master archer (Elf:3)
  Nessos (D:13)
  A hydra (Swamp:4)
  A two-headed ogre (Volcano)
  A deep elf knight (Elf:2)
  A shadow wraith (Vaults:4)
  A swamp dragon (Swamp:4)
  3 deep elf archers (Elf:2)
  A necromancer (IceCv)
  2 deep elf magi
  6 yaktaurs
  A tyrant leech (Swamp:1)
  A tarantella (Spider:4)
  A water elemental (D:15)
  2 orc warriors
  3 swamp drakes (Swamp:4)
  3 centaurs
  An orc wizard (Orc:1)
  50 hexers
  An ancestor (D:8)
  A kobold (D:10)
  3 briar patches
  A bush (Lair:4)
  4 fungi
  5 plants
97 creatures vanquished.

Grand Total: 2013 creatures vanquished

Notes
Turn   | Place    | Note
-------+----------+-------------------------------------------
     0 | D:1      | Gumption the Deep Dwarf Fighter began the quest for the
                  | Orb.
     0 | D:1      | Reached XP level 1. HP: 20/20 MP: 1/1
    35 | D:1      | Found a snail-covered altar of Cheibriados.
   230 | D:1      | Reached XP level 2. HP: 18/27 MP: 2/2
   892 | D:2      | Found a shimmering blue altar of Sif Muna.
   973 | D:2      | Reached XP level 3. HP: 21/33 MP: 3/3
  1093 | D:2      | Found a shadowy altar of Dithmenos.
  1224 | D:2      | Reached XP level 4. HP: 42/42 MP: 4/4
  1827 | D:3      | Reached XP level 5. HP: 46/49 MP: 5/5
  1938 | D:3      | Found a sacrificial altar of Ru.
  1984 | D:3      | Reached skill level 5 in Shields
  1997 | D:3      | Reached XP level 6. HP: 33/56 MP: 5/5
  2264 | D:3      | Found a bloodstained altar of Trog.
  2574 | D:3      | Found an ornate altar of the Wu Jian Council.
  2691 | D:4      | Found the +7 Kryia's mail coat {PotionHeal*2 rC+}
  2711 | D:4      | Reached skill level 5 in Axes
  2726 | D:4      | Reached XP level 7. HP: 46/63 MP: 6/6
  2770 | D:4      | Found a sand-covered staircase.
  2780 | Ossuary  | Entered an ossuary
  3088 | D:4      | Found an opulent altar of Gozag.
  3364 | D:4      | Noticed Robin
  3373 | D:4      | Killed Robin
  3444 | D:4      | Reached skill level 5 in Armour
  3495 | D:4      | Reached XP level 8. HP: 63/73 MP: 7/7
  3726 | D:5      | Entered Level 5 of the Dungeon
  4037 | D:5      | Found a hazy altar of Hepliaklqana.
  4233 | D:5      | Reached skill level 5 in Fighting
  4536 | D:5      | Found a basalt altar of Yredelemnul.
  4673 | D:5      | Became a worshipper of Hepliaklqana the Forgotten
  4781 | D:6      | Gained mutation: You passively map the area around you.
                  | [Deep Dwarf growth]
  4781 | D:6      | Reached XP level 9. HP: 63/72 MP: 8/8
  4887 | D:6      | Noticed Eustachio
  4924 | D:6      | Killed Eustachio
  5223 | D:6      | Found a staircase to the Ecumenical Temple.
  5242 | Temple   | Entered the Ecumenical Temple
  5432 | D:6      | Got a pair of smoking boots
  5438 | D:6      | Identified the cursed +0 pair of boots of Qeihefysm {rElec
                  | rPois Str-2 Int-4} (You found it on level 6 of the Dungeon)
  5596 | D:7      | Found a burning altar of Makhleb.
  5630 | D:7      | Reached * piety under Hepliaklqana
  6130 | D:8      | Reached skill level 1 in Invocations
  6130 | D:8      | Reached skill level 1 in Evocations
  6178 | D:8      | Found a radiant altar of Vehumet.
  6457 | D:8      | Reached ** piety under Hepliaklqana
  6458 | D:8      | Remembered your ancestor Cynebald as a hexer
  6709 | D:9      | Found Kueco's General Store.
  6715 | D:9      | Bought a potion of curing for 39 gold pieces
  6716 | D:9      | Noticed a two-headed ogre
  6735 | D:9      | Killed a two-headed ogre
  6735 | D:9      | Reached XP level 10. HP: 75/81 MP: 8/10
  6987 | D:9      | Found a shimmering altar of Xom.
  7045 | D:9      | Found an iron altar of Okawaru.
  7255 | D:9      | Reached skill level 10 in Shields
  7609 | D:10     | Entered Level 10 of the Dungeon
  7623 | D:10     | Reached skill level 10 in Axes
  7770 | D:10     | Found a shimmering blue altar of Sif Muna.
  7907 | D:10     | Noticed Urug
  7912 | D:10     | Reached *** piety under Hepliaklqana
  7931 | D:10     | Killed Urug
  7989 | D:10     | Found a white marble altar of Elyvilon.
  8093 | D:10     | Reached XP level 11. HP: 48/89 MP: 12/12
  8456 | D:11     | Reached skill level 5 in Evocations
  8511 | D:11     | Reached skill level 5 in Invocations
  8700 | D:11     | Noticed a two-headed ogre
  8708 | D:11     | Killed a two-headed ogre
  9026 | D:11     | Found a staircase to the Orcish Mines.
  9090 | D:11     | Noticed a red ugly thing
  9116 | D:11     | Killed a red ugly thing
  9455 | D:11     | Found a staircase to the Lair.
  9501 | Lair:1   | Entered Level 1 of the Lair of Beasts
  9817 | Lair:1   | Reached **** piety under Hepliaklqana
  9825 | Lair:1   | You fall into a shaft and drop 1 floor!
 10023 | Lair:1   | Identified a scroll of acquirement
 10123 | Lair:1   | Reached XP level 12. HP: 76/98 MP: 12/12
 11285 | Lair:3   | Reached ***** piety under Hepliaklqana
 11297 | Lair:3   | Found a staircase to the Swamp.
 11471 | Lair:3   | Found a hole to the Spider Nest.
 12165 | Lair:4   | Noticed a death yak
 12165 | Lair:4   | Noticed a death yak
 12188 | Lair:4   | Noticed a death yak
 12206 | Lair:4   | Killed a death yak
 12220 | Lair:4   | Killed a death yak
 12233 | Lair:4   | Killed a death yak
 12472 | Lair:4   | Noticed a five-headed hydra
 12479 | Lair:4   | Killed a one-headed hydra
 12479 | Lair:4   | Reached skill level 10 in Armour
 12498 | Lair:4   | Found a large runed translucent door.
 12498 | Lair:4   | Found a large runed translucent door.
 12500 | Lair:4   | Noticed qpqp's ghost (journeyman FeEE)
 12632 | Lair:4   | Noticed a death yak
 12638 | Lair:4   | Noticed a death yak
 12645 | Lair:4   | Reached XP level 13. HP: 96/106 MP: 10/10
 12756 | Lair:4   | You fall into a shaft and drop 1 floor!
 12866 | Lair:5   | You fall into a shaft and drop 1 floor!
 12866 | Lair:6   | Entered Level 6 of the Lair of Beasts
 12973 | Lair:6   | Found a dark tunnel.
 13031 | Lair:6   | Found a frozen archway.
 13054 | IceCv    | Entered an ice cave
 13229 | IceCv    | Found an ancient bone altar of Kikubaaqudgha.
 13549 | Volcano  | Entered a volcano
 14018 | Lair:6   | Found a staircase to the Slime Pits.
 14018 | Lair:6   | Found a viscous altar of Jiyva.
 14197 | Lair:6   | Reached skill level 1 in Spellcasting
 15037 | Lair:5   | Gained mutation: You resist negative energy. (rN+) [Deep
                  | Dwarf growth]
 15037 | Lair:5   | Reached XP level 14. HP: 89/116 MP: 8/8
 15571 | Lair:6   | Noticed Rupert
 15597 | Lair:6   | Killed Rupert
 16014 | Lair:6   | Reached skill level 15 in Shields
 16113 | Lair:6   | Reached skill level 15 in Axes
 16307 | Lair:6   | Got a glittering jade ring
 16774 | D:3      | Identified the ring "Osoniph" {rF+ rN+ Dex+4} (You found it
                  | on level 6 of the Lair of Beasts)
 16979 | D:12     | Reached ****** piety under Hepliaklqana
 17094 | D:12     | Found a gate leading to a gauntlet.
 17100 | Gauntlet | Entered a Gauntlet
 17100 | Gauntlet | Found a transporter.
 17100 | Gauntlet | Found a transporter.
 17118 | Gauntlet | Found a transporter.
 17122 | Gauntlet | Found a transporter.
 17134 | Gauntlet | Found a transporter.
 17138 | Gauntlet | Found a transporter.
 17142 | Gauntlet | Found a transporter.
 17157 | Gauntlet | Found a runed translucent gate.
 17158 | Gauntlet | Found a transporter.
 17158 | Gauntlet | Found a runed translucent gate.
 17159 | Gauntlet | Found a runed translucent gate.
 17172 | Gauntlet | Found a transporter.
 17176 | Gauntlet | Found a transporter.
 17184 | Gauntlet | Found a transporter.
 17188 | Gauntlet | Found a transporter.
 17427 | Gauntlet | Reached skill level 10 in Fighting
 17520 | Gauntlet | Got a slimy helmet
 17540 | Gauntlet | Identified the cursed +0 helmet "Zyleaf" {+Fly} (You found
                  | it in a Gauntlet)
 17546 | Gauntlet | Identified the amulet of Notaguuf {Faith *Slow rF+ Int+3}
 17605 | Gauntlet | Got a serpentine ivory ring
 18666 | D:13     | Noticed Nessos
 18682 | D:13     | Killed Nessos
 19207 | D:13     | Identified the ring "Rudiacio" {Fire rElec Str+2} (You
                  | found it in a Gauntlet)
 19336 | D:13     | Identified the Catalogue of Sinister Cold
 19877 | D:14     | Reached XP level 15. HP: 72/126 MP: 8/8
 20083 | D:14     | Reached skill level 5 in Spellcasting
 20351 | D:14     | Found a gate to the Vaults.
 20533 | D:14     | Found a portal to a secret trove of treasure.
 20630 | D:15     | Entered Level 15 of the Dungeon
 20836 | D:15     | Reached skill level 1 in Dodging
 21275 | D:15     | Found a staircase to the Depths.
 21513 | D:15     | Found a blossoming altar of Fedhas.
 21713 | Orc:1    | Entered Level 1 of the Orcish Mines
 22031 | Orc:2    | Entered Level 2 of the Orcish Mines
 22163 | Orc:2    | Found Pietoup's Distillery.
 22372 | Orc:2    | Reached XP level 16. HP: 75/136 MP: 3/10
 22581 | Orc:2    | Reached skill level 5 in Dodging
 22673 | Orc:2    | Found Syetzue's Antique Armour Shoppe.
 22674 | Orc:2    | Found Fain's Antique Weapon Shoppe.
 22675 | Orc:2    | Found Zocvustroj's General Store.
 22675 | Orc:2    | Found Cutump's Jewellery Emporium.
 22679 | Orc:2    | Bought a scroll of identify for 22 gold pieces
 22679 | Orc:2    | Bought a potion of heal wounds for 55 gold pieces
 22900 | Orc:2    | Found a roughly hewn altar of Beogh.
 22907 | Orc:2    | Found a staircase to the Elven Halls.
 23265 | Spider:1 | Entered Level 1 of the Spider Nest
 24494 | Spider:2 | Noticed Jorgrun
 24499 | Spider:2 | Noticed Frances
 24504 | Spider:2 | Killed Jorgrun
 24513 | Spider:2 | Killed Frances
 25901 | Spider:4 | Entered Level 4 of the Spider Nest
 25960 | Spider:4 | Reached XP level 17. HP: 99/145 MP: 9/9
 26213 | Spider:4 | Reached skill level 15 in Armour
 26572 | Spider:4 | Got a scintillating bone ring
 26626 | Spider:4 | Paralysed by a hornet for 3 turns
 26633 | Spider:4 | Paralysed by a hornet for 1 turns
 26652 | Spider:4 | Identified the ring "Baubung" {rN+ MR++ rCorr} (You found
                  | it on level 4 of the Spider Nest)
 26661 | Spider:4 | Got a gossamer rune of Zot
 26788 | Spider:4 | Noticed Aizul
 26812 | Spider:4 | Killed Aizul
 27407 | Swamp:1  | Entered Level 1 of the Swamp
 27852 | Swamp:1  | Noticed Donald
 27867 | Swamp:1  | Killed Donald
 28752 | Swamp:2  | Gained mutation: You passively map a large area around you.
                  | [Deep Dwarf growth]
 28752 | Swamp:2  | Reached XP level 18. HP: 88/154 MP: 8/8
 29586 | Swamp:3  | Noticed Mara
 29594 | Swamp:3  | Noticed Gumption's illusion
 29732 | Swamp:3  | Noticed Gumption's illusion
 29767 | Swamp:3  | Noticed Gumption's illusion
 29789 | Swamp:3  | Noticed Gumption's illusion
 29815 | Swamp:3  | Killed Mara
 29815 | Swamp:3  | Reached skill level 10 in Dodging
 29886 | Swamp:3  | Found the +11 plutonium sword {*Contam Stlth-}
 29955 | Swamp:3  | Reached skill level 10 in Spellcasting
 30590 | Swamp:4  | Entered Level 4 of the Swamp
 31096 | Swamp:4  | Reached skill level 10 in Invocations
 31142 | Swamp:4  | Reached skill level 10 in Evocations
 31153 | Swamp:4  | Noticed Bai Suzhen
 31189 | Swamp:4  | Killed Bai Suzhen
 31658 | Swamp:4  | HP: 5/156 [thorn hunter (11)]
 31709 | Swamp:4  | Got a decaying rune of Zot
 32138 | Orc:2    | Bought a potion of curing for 51 gold pieces
 32138 | Orc:2    | Bought a potion of curing for 51 gold pieces
 32138 | Orc:2    | Bought 2 potions of curing for 102 gold pieces
 32195 | Elf:1    | Entered Level 1 of the Elven Halls
 32411 | Elf:1    | You fall into a shaft and drop 1 floor!
 32581 | Elf:2    | Reached XP level 19. HP: 57/162 MP: 3/3
 32605 | Elf:2    | Noticed Azrael
 32621 | Elf:2    | Killed Azrael
 32684 | Elf:2    | Found a runed translucent gate.
 32684 | Elf:2    | Found a runed translucent gate.
 32684 | Elf:2    | Found a runed translucent gate.
 32719 | Elf:2    | Noticed Louise
 32741 | Elf:2    | Killed Louise
 32916 | Elf:2    | Found Tyawnys's Distillery.
 32923 | Elf:2    | Noticed Asterion
 32929 | Elf:2    | Gained mutation: You are weak. (Str -2) [a cacodemon]
 32935 | Elf:2    | Gained mutation: Potions are less effective at restoring
                  | your health. [a cacodemon]
 32937 | Elf:2    | Killed Asterion
 32958 | Elf:2    | Bought a potion of curing for 45 gold pieces
 32958 | Elf:2    | Bought a potion of curing for 45 gold pieces
 32958 | Elf:2    | Bought a potion of curing for 45 gold pieces
 32958 | Elf:2    | Bought a potion of heal wounds for 75 gold pieces
 32958 | Elf:2    | Bought a potion of curing for 45 gold pieces
 32958 | Elf:2    | Bought a potion of heal wounds for 75 gold pieces
 33382 | Elf:2    | Found Sube's Antique Weapon Shop.
 33611 | Elf:2    | Found Fajoad's Gadget Boutique.
 33783 | Elf:2    | Found Pitor's Distillery.
 33793 | Elf:2    | Found Ikhleh Zess's Weapon Emporium.
 33970 | Elf:2    | Bought a potion of curing for 45 gold pieces
 33970 | Elf:2    | Bought a potion of curing for 45 gold pieces
 34425 | Vaults:1 | Entered Level 1 of the Vaults
 34687 | D:14     | You paid a toll of +3 ice dragon scales to enter a treasure
                  | trove
 34688 | Trove    | Entered a treasure trove
 34696 | Trove    | Got a steaming hand axe
 34720 | Trove    | Identified the +5 hand axe of Nurchaac {flame, rPois} (You
                  | found it in a treasure trove)
 34823 | Vaults:1 | Noticed Nikola
 34837 | Vaults:1 | Killed Nikola
 35590 | Vaults:1 | Lost mutation: You are weak. (Str -2) [potion of mutation]
 35590 | Vaults:1 | Gained mutation: You are occasionally teleported next to
                  | monsters. [potion of mutation]
 35590 | Vaults:1 | Gained mutation: You have a pair of small antennae on your
                  | head. [potion of mutation]
 35591 | Vaults:1 | Lost mutation: You are occasionally teleported next to
                  | monsters. [potion of mutation]
 35591 | Vaults:1 | Lost mutation: Potions are less effective at restoring your
                  | health. [potion of mutation]
 35591 | Vaults:1 | Gained mutation: You are partially covered in iridescent
                  | scales. (AC +2) [potion of mutation]
 35591 | Vaults:1 | Gained mutation: Your mind is acute. (Int +2) [potion of
                  | mutation]
 35998 | Orc:2    | Bought a +4 ring of slaying for 858 gold pieces
 35998 | Orc:2    | Bought a potion of curing for 33 gold pieces
 36123 | Elf:2    | Bought a potion of ambrosia for 120 gold pieces
 36254 | Elf:2    | Bought a potion of mutation for 120 gold pieces
 36254 | Elf:2    | Bought a potion of mutation for 120 gold pieces
 36278 | Elf:2    | Bought a potion of mutation for 120 gold pieces
 36278 | Elf:2    | Bought a potion of mutation for 120 gold pieces
 36341 | Orc:2    | Bought a potion of mutation for 136 gold pieces
 36346 | Orc:2    | Lost mutation: Your mind is acute. (Int +2) [potion of
                  | mutation]
 36346 | Orc:2    | Lost mutation: You have a pair of small antennae on your
                  | head. [potion of mutation]
 36346 | Orc:2    | Gained mutation: Your spells are a little harder to cast,
                  | but a little more powerful. [potion of mutation]
 36346 | Orc:2    | Gained mutation: Potions are less effective at restoring
                  | your health. [potion of mutation]
 36346 | Orc:2    | Gained mutation: Your mind is acute. (Int +2) [potion of
                  | mutation]
 36346 | Orc:2    | Gained mutation: You are robust. (+10% HP) [potion of
                  | mutation]
 36347 | Orc:2    | Lost mutation: Your mind is acute. (Int +2) [potion of
                  | mutation]
 36347 | Orc:2    | Lost mutation: Potions are less effective at restoring your
                  | health. [potion of mutation]
 36347 | Orc:2    | Lost mutation: You are partially covered in iridescent
                  | scales. (AC +2) [potion of mutation]
 36347 | Orc:2    | Lost mutation: Your spells are a little harder to cast, but
                  | a little more powerful. [potion of mutation]
 36347 | Orc:2    | Gained mutation: Armour fits poorly on your strangely
                  | shaped body. [potion of mutation]
 36347 | Orc:2    | Gained mutation: You have large cloven feet. [potion of
                  | mutation]
 36347 | Orc:2    | Gained mutation: Your muscles are strong. (Str +2) [potion
                  | of mutation]
 36347 | Orc:2    | Gained mutation: You can translocate small distances at
                  | will. [potion of mutation]
 36348 | Orc:2    | Lost mutation: You have large cloven feet. [potion of
                  | mutation]
 36348 | Orc:2    | Lost mutation: Your muscles are strong. (Str +2) [potion of
                  | mutation]
 36348 | Orc:2    | Gained mutation: Your flesh is cold resistant. (rC+)
                  | [potion of mutation]
 36348 | Orc:2    | Gained mutation: You have a pair of small horns on your
                  | head. [potion of mutation]
 36350 | Orc:2    | Lost mutation: You have a pair of small horns on your head.
                  | [potion of mutation]
 36350 | Orc:2    | Lost mutation: You are robust. (+10% HP) [potion of
                  | mutation]
 36350 | Orc:2    | Lost mutation: You can translocate small distances at will.
                  | [potion of mutation]
 36350 | Orc:2    | Lost mutation: Your flesh is cold resistant. (rC+) [potion
                  | of mutation]
 36350 | Orc:2    | Gained mutation: You occasionally shout uncontrollably at
                  | your foes. [potion of mutation]
 36350 | Orc:2    | Gained mutation: Your body sometimes deteriorates upon
                  | taking damage. [potion of mutation]
 36350 | Orc:2    | Gained mutation: You are partially covered in large bone
                  | plates. (SH +4) [potion of mutation]
 36351 | Orc:2    | Lost mutation: Armour fits poorly on your strangely shaped
                  | body. [potion of mutation]
 36351 | Orc:2    | Lost mutation: Your body sometimes deteriorates upon taking
                  | damage. [potion of mutation]
 36351 | Orc:2    | Lost mutation: You occasionally shout uncontrollably at
                  | your foes. [potion of mutation]
 36351 | Orc:2    | Lost mutation: You are partially covered in large bone
                  | plates. (SH +4) [potion of mutation]
 36351 | Orc:2    | Gained mutation: You are robust. (+10% HP) [potion of
                  | mutation]
 36351 | Orc:2    | Gained mutation: You are resistant to hostile enchantments.
                  | (MR+) [potion of mutation]
 37014 | Vaults:2 | Found a ruined gateway.
 37046 | Vaults:2 | Reached XP level 20. HP: 115/192 MP: 5/5
 37697 | Vaults:2 | Found a staircase to the Crypt.
 37697 | Vaults:2 | Found a basalt altar of Yredelemnul.
 37698 | Vaults:2 | Found an ancient bone altar of Kikubaaqudgha.
 39307 | Vaults:3 | Reached skill level 15 in Fighting
 39323 | Vaults:3 | Found Nuegann's Antique Weapon Boutique.
 40566 | Vaults:4 | Reached XP level 21. HP: 153/201 MP: 3/3
 40909 | Vaults:4 | Identified the +5 great mace of the Priest {drain, rF+
                  | Int+4}
 41992 | Depths:1 | Entered Level 1 of the Depths
 42375 | Elf:3    | Entered Level 3 of the Elven Halls
 42436 | Elf:3    | Found Zueseo Yhua's Antique Weapon Emporium.
 42448 | Elf:3    | Bought a bloodstained broad axe for 153 gold pieces
 42448 | Elf:3    | Identified the +6 broad axe "Xitugiyr" {venom, rF+ Str+5
                  | Dex+2} (You bought it in a shop on level 3 of the Elven
                  | Halls)
 42484 | Elf:3    | Found Bepna's Weapon Emporium.
 43101 | Elf:3    | Identified the +2 robe of Death Resistance {+Blink}
 43224 | Elf:3    | Identified the +8 quarterstaff of Hotise {speed, rF+ rC+
                  | MR+}
 43261 | Elf:3    | Identified the amulet "Cyll" {rF- Regen+ Int+5 Dex+7}
 43447 | Elf:3    | Identified the cursed +0 leather armour of the Gastropod
                  | {rF+ Str+2}
 43447 | Elf:3    | Identified the ring "Niuqaj" {rElec rF+ rN+ Int+4}
 43813 | Elf:3    | Identified the cursed +1 battleaxe of Doevumoe {chop,
                  | Stlth+}
 44007 | Elf:3    | Identified the Incunabulum of Virous Creation
 44607 | Slime:1  | Entered Level 1 of the Pits of Slime
 44741 | Slime:3  | Gained mutation: Scrolls take you a little longer to read.
                  | [a shining eye]
 44794 | Slime:3  | Reached skill level 15 in Spellcasting
 44841 | Slime:4  | Reached XP level 22. HP: 212/212 MP: 3/3
 44926 | Slime:4  | Gained mutation: Your spells are a little easier to cast,
                  | but a little less powerful. [a shining eye]
 44972 | Slime:5  | Entered Level 5 of the Pits of Slime
 45179 | Slime:5  | Slain by an acid blob

Levels and vault maps discovered:
D:1:      dpeg_arrival_shrine, layout_basic, cheibriados_altar_1
D:2:      layout_rooms, grunt_dithmenos_smoke, nicolae_overflow_crystal_walls,
          first_ration, minmay_snake_closets
D:3:      layout_loops_ring, overflow_temple_1_default, lemuel_round_altar,
          old_standard_altar, roderic_batcave, chequers_serial_rivers_large_a,
          moated_statue, due_unseen_surprise
D:4:      layout_basic, overflow_temple_1_default, nicolae_ossuary_entry_ruins,
          minmay_cupped, uniq_robin
D:5:      layout_basic, yredelemnul_altar_generic, lemuel_crystal_altar
D:6:      layout_loops_ring, minmay_temple_entry_glass, uniq_eustachio
D:7:      layout_loops_cross, lemuel_crystal_altar, grunt_ogre_cave
D:8:      layout_cave_pools, vehumet_crystals
D:9:      layout_long_grid, kennysheep_okawaru_gauntlet,
          overflow_temple_1_default, serial_shops, shop, nicolae_benzene_ring,
          library_closet
D:10:     layout_roguey, basic_altar, elyvilon_altar_3, uniq_urug
D:11:     layout_irregular_city, grunt_lair_entry_orc_guard_hut, erik_orc_2
D:12:     layout_basic, gauntlet_entry_generic, minmay_tree_intersection
D:13:     layout_grid_maze, minmay_checkered_concentric_circles, uniq_nessos
D:14:     layout_big_octagon, grunt_vaults_entry_tiered, trove_entry_hex_spiral,
          minmay_misc_feat_enclosed, chequers_arboretum
D:15:     grunt_enter_depths_magical_seal, layout_loops_cross,
          fedhas_altar_fruit_tree, minivault_14
Temple:   eino_wide_crystal_templ
Lair:1:   layout_regular_city, minivault_25, beast_lair_carwin_1
Lair:2:   layout_cave_pods
Lair:3:   layout_regular_city, minmay_swamp_entry_reptiles,
          nicolae_spider_entry_tight_spaces, minmay_lair_oklob_chamber
Lair:4:   layout_cave_pods, ebering_ghost_disaster_area,
          grunt_forest_stairs_clearing
Lair:5:   layout_regular_city, minmay_lair_oklob_items
Lair:6:   evilmike_catoblepas_cave, layout_cave_pods, slime_altar_1,
          nicolae_volcano_entry_hallway, portal_ice_cave_demonic_guard,
          kennysheep_abandoned_house, uniq_rupert
Swamp:1:  layout_basic_swamp, serial_swamp_ruin, evilmike_swamp_ruin_house_2,
          hangedman_swamp_ruin_wall, evilmike_swamp_ruin_house_3, swamp_pool5,
          uniq_donald
Swamp:2:  layout_basic_swamp, evilmike_swamp_ruin_rubble_1, swamp_pool2,
          infiniplex_staircase_pool_2
Swamp:3:  layout_falls_marsh, nicolae_swamp_trees_clearing, swamp_pool2,
          hangedman_swamp_blocks, grunt_lady_of_the_lake, uniq_mara
Swamp:4:  swamp_basic_johnstein, layout_basic_swamp, swamp_pool5,
          uniq_bai_suzhen
Spider:1: layout_spider_delve
Spider:2: layout_chambers, minmay_another_anthill, uniq_frances, uniq_jorgrun
Spider:3: layout_spider_delve
Spider:4: grunt_spider_rune_parallel, uniq_aizul
Slime:1:  layout_caves
Slime:2:  layout_caves
Slime:3:  layout_caves
Slime:4:  layout_caves
Slime:5
Orc:1:    layout_diamond_mine
Orc:2:    st_orc_congregation, layout_caves, basic_altar, serial_shops,
          nicolae_shop_crystal, nicolae_orc_bridge_out
Elf:1:    layout_rooms, kennysheep_underground_church
Elf:2:    layout_onion_city, serial_shops, shop,
          nicolae_shop_competitors_out_of_business, shop_statue, shop,
          nicolae_shop_stone, serial_glass, glass_columns_c, glass_columns_a,
          uniq_asterion, uniq_azrael, uniq_louise
Elf:3:    grunt_elf_hall_diamonds, layout_geoelf_octagon, serial_shops, shop,
          shop
Vaults:1: v_misc_5, v_pattern_3, ontoclasm_vaults_fault,
          ontoclasm_vaults_shuriken, grunt_vaults_swirl,
          nicolae_vaults_know_your_exits, v_misc_17,
          nicolae_vaults_ninety_degrees, v_rooms_6, v_misc_26,
          vaults_dpeg_diagonal, layout_vaults_ring, uniq_nikola
Vaults:2: nicolae_vaults_little_squares_6, v_misc_23, ontoclasm_vaults_ligature,
          hangedman_vaults_locks, v_misc_10, nicolae_vaults_ring_of_whatevers,
          nicolae_vaults_back_hallway, ontoclasm_vaults_claustrophobia,
          vaults_dpeg_ring, vaults_room_large_hall, nicolae_vaults_puzzle_piece,
          vaults_room_fancy_cross, hangedman_vaults_restitches,
          minmay_crypt_entry_necro_gods, serial_ice_g, layout_vaults_omnibox,
          portal_desolation_entry_nicolae_nacl
Vaults:3: nicolae_vaults_gold_heap, vaults_room_corners, vaults_room_corners,
          vaults_room_fours, nicolae_vaults_display_case, v_misc_5,
          ontoclasm_vaults_twist, ontoclasm_vaults_decontamination,
          vaults_room_fours, nicolae_vaults_little_squares_1, v_misc_4,
          layout_vaults_big_room, serial_shops, shop
Vaults:4: nicolae_vaults_hallways_thing, v_rooms_5, v_misc_29,
          vaults_mumra_minichess, v_pattern_1, vaults_room_pools,
          vaults_standard_mumra_x, serial_ice_b, nicolae_vaults_triangles,
          st_smaller_cells, nicolae_vaults_circle_grid_a, v_misc_25,
          layout_vaults_maze
Depths:1: layout_roguey, serial_sigils_hangedman_clutch,
          grunt_hell_entry_dis_mu, kennysheep_small_circle,
          infiniplex_staircase_pool_lava

Skill      XL: |  1  2  3  4  5  6  7  8  9 10 11 12 13 14 15 16 17 18 19 20 21 22 |
---------------+-------------------------------------------------------------------+-----
Fighting       | 3 4 5 6 7 8 9 10 11 12 13 14 15 16 | 16.1
Axes           | 3 4 5 6 7 9 10 11 13 14 16 17 18 | 18.0
Shields        | 4 5 6 8 9 10 12 13 14 15 | 15.0
Armour         | 4 5 6 7 8 10 11 12 13 14 15 16 17 18 | 18.6
Invocations    | 2 4 6 8 10 12 14 | 14.7
Evocations     | 2 4 6 8 10 12 | 12.0
Spellcasting   | 1 4 7 8 9 11 12 13 15 | 15.3
Dodging        | 4 8 9 10 | 10.0

Action                   |  1- 3 |  4- 6 |  7- 9 | 10-12 | 13-15 | 16-18 | 19-21 | 22-24 || total
-------------------------+-------+-------+-------+-------+-------+-------+-------+-------++-------
Melee: War axe           |    88 |   201 |   424 |   719 |  1174 |  1162 |       |       ||  3768
       Broad axe         |       |       |       |       |       |   717 |  1656 |   118 ||  2491
 Fire: Hunting sling     |       |       |    17 |     3 |       |       |       |       ||    20
Throw: Stone             |    63 |    48 |    31 |       |       |       |       |       ||   142
       Dart              |       |       |     5 |     3 |       |       |       |       ||     8
       Javelin           |       |       |       |    14 |    20 |    30 |    30 |       ||    94
Invok: Recall Ancestor   |       |       |     1 |     1 |     2 |     2 |     2 |       ||     8
       Ancestor Life: He |       |       |     1 |       |       |       |       |       ||     1
       Idealise          |       |       |       |       |     5 |     8 |     2 |       ||    15
       Transference      |       |       |       |       |       |     1 |       |       ||     1
 Abil: Heal Wounds       |     1 |     2 |     5 |    16 |    33 |    66 |    43 |       ||   166
       Evoke Flight      |       |       |       |       |       |       |     1 |       ||     1
Evoke: Wand              |       |       |       |     1 |     1 |     6 |       |       ||     8
  Use: Scroll            |       |    13 |    10 |    12 |    13 |     8 |    13 |       ||    69
       Potion            |       |       |     1 |     2 |     1 |    29 |    32 |       ||    65
 Stab: Confused          |       |       |       |    11 |     9 |    15 |    67 |     8 ||   110
       Distracted        |       |       |       |    15 |    19 |    17 |    18 |     1 ||    70
       Petrified         |       |       |       |       |     7 |       |    19 |       ||    26
       Paralysed         |       |       |       |       |    12 |    72 |    61 |     2 ||   147
       Petrifying        |       |       |       |       |       |       |     7 |       ||     7
  Eat: Chunk             |     1 |     5 |    14 |    17 |    22 |    11 |    19 |       ||    89
       Ration            |       |       |       |     1 |     3 |     7 |     7 |       ||    18
Armor: Scale mail        |    11 |       |   117 |   226 |   379 |   480 |    12 |       ||  1225
       Chain mail        |    18 |   107 |    21 |       |     3 |       |       |       ||   149
       Crystal plate arm |       |       |       |       |       |   463 |   342 |       ||   805
       Gold dragon scale |       |       |       |       |       |       |   129 |    59 ||   188
Dodge: Dodged            |    18 |    54 |    97 |   205 |   309 |   729 |   266 |    16 ||  1694
Block: Shield            |    55 |   152 |   261 |   502 |   762 |  1618 |   948 |    60 ||  4358
       Reflection        |       |       |     2 |    16 |    41 |    24 |   113 |     2 ||   198
